 Dungeon Crawl Stone Soup version 0.23-a0-204-g3eb00d1601 (webtiles) character file.

81 PikkenKukken the Skirmisher (level 4, 0/35 HPs)
             Began as a Demonspawn Fighter on Sept 24, 2018.
             Slain by Sigmund
             ... wielding a +3 scythe of pain
              (1 damage)
             ... on level 2 of the Dungeon.
             The game lasted 00:02:36 (2093 turns).

PikkenKukken the Skirmisher (Demonspawn Fighter)    Turns: 2093, Time: 00:02:36

Health: 0/35       AC: 12    Str: 26    XL:     4   Next: 19%
Magic:  4/4        EV: 10    Int:  9    God:
Gold:   105        SH:  0    Dex: 12    Spells: 3/3 levels left

rFire    . . .     SeeInvis .   a - +0 long sword
rCold    . . .     Gourm    .   (no shield)
rNeg     . . .     Faith    .   b - +0 scale mail
rPois    .         Spirit   .   (no helmet)
rElec    .         Reflect  .   (no cloak)
rCorr    .         Harm     .   (no gloves)
MR       .....                  (no boots)
Stlth    ..........             (no amulet)
HPRegen  0.11/turn              j - +3 ring of strength
MPRegen  0.09/turn              k - ring of flight

@: mighty, sanguine armour
A: claws 2, sanguine armour 1
a: Evoke Flight


You were on level 2 of the Dungeon.
You were not hungry.

You visited 1 branch of the dungeon, and saw 2 of its levels.

You collected 105 gold pieces.

Inventory:

Hand Weapons
 a - a +0 long sword (weapon)
Armour
 b - a +0 scale mail (worn)
 c - a +0 shield
Jewellery
 j - a +3 ring of strength (left claw)
 k - a ring of flight (right claw)
Scrolls
 e - a scroll of enchant armour {unknown}
Potions
 d - a potion of might
 h - a potion of magic {unknown}
 i - a potion of haste {unknown}
Comestibles
 f - 6 rations
 g - a chunk of flesh


   Skills:
 + Level 3.4 Fighting
 * Level 2.8 Long Blades
 + Level 3.2 Armour
 + Level 1.1 Dodging
 - Level 2.9 Shields


You had 3 spell levels left.
You didn't know any spells.
Your spell library was empty.

Dungeon Overview and Level Annotations

Branches:
Dungeon (2/15)

Altars:
Fedhas
Okawaru
Sif Muna

Annotations:
D:2 Sigmund


Innate Abilities, Weirdness & Mutations

You have very sharp fingernails.
When seriously injured, your bleeding wounds create armour. (AC +6)


Message History

Sigmund is moderately wounded.
You bump into the rock wall.
Sigmund closely misses you.
You bump into the rock wall.
Sigmund is suddenly surrounded by pale green light.
Sigmund gestures at you while chanting. The magic dart hits you!
* * * LOW HITPOINT WARNING * * *
You're too confused to move!
You feel less confused. Sigmund casts a spell at you.
You resist with some effort.
You closely miss Sigmund.
Sigmund is moderately wounded.
Sigmund misses you.
You hit Sigmund.
Sigmund is moderately wounded.
Sigmund hits you with a scythe of pain.
* * * LOW HITPOINT WARNING * * *
You writhe in agony.
You die...

#.# #.....# #.#
#.##.
#.#####.##.###.#
#....
#..............#
####.
#######..##....#
#. ##.###.#.# #.
#.#
#.#.##########
#.#
#.#.##...gg...
#.#
#.#.##.#######
#@# #.#.##)# #
#@# #.#....### #
#.# #.....<..# #
#.# ########.# #
#.# #.# # #.#
#.# # #.# #)# #
#.. ...###.#####
#..........


You could see Sigmund.

Vanquished Creatures
  2 gnolls (D:1)
  An adder (D:2)
  An ooze (D:2)
  2 worms (D:2)
  3 dart slugs
  2 leopard geckos (D:1)
  3 giant cockroaches
  5 hobgoblins
  4 kobolds (D:1)
  A quokka (D:2)
  3 bats
  3 goblins
  7 rats
37 creatures vanquished.

Notes
Turn   | Place    | Note
-------+----------+-------------------------------------------
     0 | D:1      | PikkenKukken the Demonspawn Fighter began the quest for the
                  | Orb.
     0 | D:1      | Reached XP level 1. HP: 18/18 MP: 1/1
   181 | D:1      | Gained mutation: When seriously injured, your bleeding
                  | wounds create armour. (AC +6) [demonic ancestry]
   181 | D:1      | Reached XP level 2. HP: 21/24 MP: 2/2
   769 | D:1      | Gained mutation: You have sharp fingernails. [demonic
                  | ancestry]
   769 | D:1      | Reached XP level 3. HP: 27/29 MP: 3/3
  1033 | D:1      | Reached skill level 1 in Dodging
  1524 | D:2      | Gained mutation: You have very sharp fingernails. [demonic
                  | ancestry]
  1524 | D:2      | Reached XP level 4. HP: 30/35 MP: 4/4
  1716 | D:2      | Found a blossoming altar of Fedhas.
  1882 | D:2      | Found an iron altar of Okawaru.
  1882 | D:2      | Found a deep blue altar of Sif Muna.
  2072 | D:2      | Noticed Sigmund
  2093 | D:2      | HP: 1/35 [Sigmund/scythe of pain (5)]
  2093 | D:2      | Slain by Sigmund

Vault maps used:
D:1:      minmay_arrival_three_doors, minmay_misc_feat_hallway
D:2:      fedhas_altar_fruit_tree, amethyst_overflow_temple_binary, uniq_sigmund

Skill      XL: |  1  2  3 |
---------------+----------+-----
Long Blades    | 2 |  2.8
Armour         | 3 |  3.2
Dodging        | 1 |  1.1
Fighting       | |  3.4
Shields        | |  2.9

Action                   |  1- 3 |  4- 6 || total
-------------------------+-------+-------++-------
Melee: Long sword        |   107 |    21 ||   128
  Use: Potion            |       |     1 ||     1
  Eat: Chunk             |     2 |     2 ||     4
Armor: Scale mail        |    35 |     6 ||    41
Dodge: Dodged            |    34 |    17 ||    51
Block: Shield            |    37 |       ||    37
       Rpst.: Long sword |    11 |     6 ||    17

Table legend:
 A = Non-vault XP
 B = Vault XP
 C = Vault XP percentage of total XP
 D = Non-vault monster count
 E = Vault monster count
 F = Vault count percentage of total count
                 A         B        C        D         E       F
            +---------+---------+-------+---------+---------+-------
      Total |     116 |       0 |   0.0 |      37 |       0 |   0.0
            +---------+---------+-------+---------+---------+-------
        D:1 |      73 |       0 |   0.0 |      26 |       0 |   0.0
        D:2 |      43 |       0 |   0.0 |      11 |       0 |   0.0
            +---------+---------+-------+---------+---------+-------
